 Seeded DCSS version 0.27.1-16-g815e20cd7a (webtiles) character file.

Game seed: 20211122 (custom seed)

57 jessy the Sneak (level 3, -5/27 HPs)
             Began as a Demonspawn Brigand on Nov 22, 2021.
             Slain by a gnoll (12 damage)
             ... on level 3 of the Dungeon on Nov 23, 2021.
             The game lasted 00:08:35 (2275 turns).

jessy the Sneak (Demonspawn Brigand)                Turns: 2275, Time: 00:08:35

Health: -5/27      AC: 12    Str: 12    XL:     3   Next: 73%
Magic:  3/3        EV:  3    Int: 12    God:
Gold:   20         SH:  4    Dex: 14    Spells: 2/2 levels left

rFire    . . .     SeeInvis .   u - +0 scimitar
rCold    . . .     Faith    .   (no shield)
rNeg     . . .     Spirit   .   n - +0 plate armour
rPois    .         Reflect  .   (no helmet)
rElec    .         Harm     .   c - +0 cloak
rCorr    .         Rampage  .   r - +0 pair of gloves
Will     .....                  (no boots)
Stlth    ..........             (no amulet)
HPRegen  0.09/turn              (no ring)
MPRegen  0.16/turn              (no ring)

@: no status effects
A: large bone plates 1, magic regeneration
a: no special abilities


You were on level 3 of the Dungeon.
You visited 1 branch of the dungeon, and saw 3 of its levels.

You collected 20 gold pieces.

Inventory:

Hand Weapons
 a - a +2 dagger
 i - a +0 whip
 k - a +0 club
 o - a +0 short sword
 u - a +0 scimitar (weapon)
Missiles
 d - 8 poisoned darts (quivered)
 e - 2 curare-tipped darts
 g - 16 arrows
 p - 26 stones
Armour
 b - a +0 robe
 c - a +0 cloak (worn)
 m - a +0 leather armour
 n - a +0 plate armour (worn)
 r - a +0 pair of gloves (worn)
Scrolls
 f - a scroll of blinking {unknown}
 h - a scroll of silence {unknown}
 j - a scroll of fear {unknown}
 q - a scroll of magic mapping {unknown}
 t - 2 scrolls of amnesia {unknown}
 w - a scroll of teleportation {unknown}
Potions
 l - a potion of attraction {unknown}
 s - a potion of degeneration {unknown}
 v - a potion of resistance {unknown}
 x - a potion of might {unknown}


   Skills:
 + Level 2.2 Fighting
 + Level 2.1 Short Blades
 + Level 0.3(1.3) Long Blades
 + Level 0.5 Maces & Flails
 + Level 1.8 Throwing
 + Level 1.1 Armour
 + Level 1.3 Dodging
 + Level 4.1 Stealth


You had 2 spell levels left.
You didn't know any spells.
Your spell library contained the following spells:

 Spells                   Type           Power      Damage    Failure   Level
 Summon Lightning Spire   Summ/Air       0%         N/A       100%        4
 Storm Form               Tmut/Air       0%         N/A       100%        7
 Maxwell's Capacitive Co  Air            0%         ∞         100%        8


Dungeon Overview and Level Annotations

Branches:
Dungeon (3/15)

Altars:


Innate Abilities, Weirdness & Mutations

You are partially covered in large bone plates. (SH +4)
You regenerate magic rapidly.


Message History

The jackal bites you but does no damage. x2
You hit the jackal.
The jackal is moderately wounded.
The jackal bites you but does no damage.
You hit the jackal.
The jackal is heavily wounded.
The jackal bites you but does no damage.
You block the jackal's attack.
You hit the jackal.
You kill the jackal!
You see here a jackal corpse.
You see here a jackal corpse.
You see here a jackal corpse.
Found a hand axe.
You see here a +0 hand axe.
There is a stone staircase leading down here.
You climb downwards.
There is a stone staircase leading up here. 2 gnolls and a kobold come into view.
Found 10 gold pieces.
The gnoll shouts!
The kobold shouts!
The gnoll moves out of view.
The kobold moves out of view.
The gnoll hits you from afar with a +0 spear.
The gnoll hits you from afar with a +0 spear.
The gnoll hits you but does no damage. The gnoll barely misses you.
The gnoll hits you but does no damage. The gnoll barely misses you.
The gnoll completely misses you. x2
You hit the gnoll.
The gnoll is moderately wounded.
The gnoll hits you but does no damage.
The gnoll hits you from afar with a +0 halberd.
The gnoll hits you but does no damage. x2
You closely miss the gnoll. The gnoll hits you with a +0 halberd!
The gnoll hits you with a +0 spear.
* * * LOW HITPOINT WARNING * * *
You hit the gnoll.
The gnoll is lightly wounded.
The gnoll hits you with a +0 halberd!
You die...

#.. ....#... #..
##....... #..## ##
....P..# #...# ..
#.P.P.###.#.##.####
###....P........g...#
#..........##K##.##.#
........## #g# #
#<#####@# #.....g.#
#########


You could see 2 gnolls and a kobold.

Vanquished Creatures
  2 adders (D:2)
  A dart slug (D:1)
  4 endoplasms
  A giant cockroach (D:1)
  3 goblins
  2 hobgoblins (D:2)
  2 jackals (D:2)
  2 kobolds (D:1)
  A quokka (D:1)
  3 ball pythons
  7 bats
  A frilled lizard (D:1)
  4 rats
33 creatures vanquished.

Notes
Turn   | Place    | Note
-------+----------+-------------------------------------------
     0 | D:1      | jessy the Demonspawn Brigand began the quest for the Orb.
     0 | D:1      | Reached XP level 1. HP: 16/16 MP: 1/1
   681 | D:1      | Reached skill level 1 in Dodging
   681 | D:1      | Gained mutation: You regenerate magic rapidly. [demonic
                  | ancestry]
   681 | D:1      | Reached XP level 2. HP: 22/22 MP: 2/2
  1128 | D:1      | Reached skill level 4 in Stealth
  1483 | D:2      | Gained mutation: You are partially covered in large bone
                  | plates. (SH +4) [demonic ancestry]
  1483 | D:2      | Reached XP level 3. HP: 22/27 MP: 3/3
  1765 | D:2      | Reached skill level 1 in Armour
  2275 | D:3      | Slain by a gnoll

Illustrated notes

Levels and vault maps discovered:
D:1:      dpeg_arrival_pits, layout_basic, st_stairs_7
D:2:      layout_loops_cross
D:3:      layout_loops_cross, lemuel_tele_altar, kiku_gazebo_garden_becter,
          hellmonk_ecumenical_altar_lost_god, st_stairs_1,
          minmay_fractal_squares_diagonal_5

Skill      XL: |  1  2  3 |
---------------+----------+-----
Dodging        | 1 |  1.3
Short Blades   | 2 |  2.1
Stealth        | 4 |  4.1
Armour         | 1 |  1.1
Fighting       | |  2.2
Long Blades    | |  0.3
Maces & Flails | |  0.5
Throwing       | |  1.8

Action                   || total
-------------------------++-------
Melee: Whip              ||    15
       Short sword       ||    56
       Dagger            ||     5
       Scimitar          ||    52
 Stab: Sleeping          ||     1
Armor: Plate armour      ||   176
       Robe              ||     4
       Leather armour    ||     1
Dodge: Dodged            ||    61
Block: Other             ||     8
       Rpst.: Scimitar   ||     7
